 Dungeon Crawl Stone Soup version 0.31.0-12-g77e489cdc1 (webtiles) character file.

Game seed: 6240410756128345541

3 spaghetti the Poker (level 1, -4/31 HPs)
             Began as a Naga Berserker on Feb 19, 2024.
             Was a Follower of Trog.
             Slain by a kobold
             ... wielding a +0 whip
              (6 damage)
             ... on level 1 of the Dungeon.
             The game lasted 00:00:15 (86 turns).

spaghetti the Poker (Naga Berserker)                  Turns: 86, Time: 00:00:16

Health: -4/31      AC:  1    Str: 19    XL:     1   Next: 50%
Magic:  1/1        EV:  9    Int:  7    God:    Trog [*.....]
Gold:   0          SH:  0    Dex: 10    Spells: 0/0 levels left

rFire   . . .        a - +0 spear
rCold   . . .        (no shield)
rNeg    . . .        b - +0 animal skin
rPois   +            (no helmet)
rElec   .            (no cloak)
rCorr   .            (no gloves)
SInv    +            (no barding)
Will    .....        (no amulet) Stlth
                     (no ring)
HPRegen 0.25/turn    (no ring)
MPRegen 0.07/turn

%: no passive effects
@: berserking, quick
A: AC +0, large, see invisible, deformed body, poison resistance, slowness 2,
spit poison 1, naga tail 1
a: Spit Poison, Renounce Religion, Berserk


You were on level 1 of the Dungeon.
You worshipped Trog.
Trog was aware of your devotion.
You visited 1 branch of the dungeon, and saw 1 of its levels.

Inventory:

Hand Weapons
 a - a +0 spear (weapon)
 c - a +0 vampiric dagger
Armour
 b - a +0 animal skin (worn)
Scrolls
 d - a scroll of enchant weapon {unknown}
 e - a scroll of fog {unknown}


   Skills:
 - Level 3.0 Fighting
 + Level 3.2 Polearms
 - Level 1.5 Armour
 - Level 1.5 Dodging


You couldn't memorise any spells.
You didn't know any spells.
Your spell library was empty.

Dungeon Overview and Level Annotations

Branches:
Dungeon (1/15)

Altars:


Innate Abilities, Weirdness & Mutations

Your serpentine skin is tough. (AC +0)
You have supernaturally acute eyesight. (SInv)
Armour fits poorly on your strangely shaped body.
Your system is resistant to poisons. (rPois)
You cover ground very slowly.
You can spit poison.
You have a snake-like lower body.


Message History

You are too injured to fight recklessly!
You are too injured to fight recklessly!
You are too injured to fight recklessly!
You are too injured to fight recklessly!
You are too injured to fight recklessly!
You are too injured to fight recklessly!
You are too injured to fight recklessly!
You are too injured to fight recklessly!
You are too injured to fight recklessly!
You are too injured to fight recklessly!
The frilled lizard hisses angrily.
The quokka closely misses you.
The kobold throws a stone.
The stone hits you but does no damage. The quokka bites you.
The kobold throws a stone.
The stone barely misses you. The quokka bites you.
Found 10 gold pieces.
The frilled lizard barely misses you. The quokka bites you.
The frilled lizard bites you.
* * * LOW HITPOINT WARNING * * *
The quokka barely misses you.
Found a metallic green potion.
The frilled lizard bites you.
* * * LOW HITPOINT WARNING * * *
You aren't carrying any potions.
Okay, then.
A red film seems to cover your vision as you go berserk!
You feel yourself moving faster!
You feel mighty! The frilled lizard barely misses you.
You completely miss the frilled lizard.
The frilled lizard completely misses you.
You miss the frilled lizard. You closely miss the frilled lizard.
The frilled lizard bites you.
* * * LOW HITPOINT WARNING * * *
You puncture the frilled lizard!
You kill the frilled lizard!
Trog accepts your kill.
You puncture the quokka!
You kill the quokka!
Trog accepts your kill. The kobold hits you with a +0 whip.
You die...

#### ... #.####### #
#....†@.## #.#..#K##K.#
#....#..?.....
####.#..#.......
###....#...$...
##########......#......!
...........####.........
############ #........
....


You could see 2 kobolds.

Vanquished Creatures
  A kobold (D:1)
  A quokka (D:1)
  2 ball pythons (D:1)
  A frilled lizard (D:1)
5 creatures vanquished.

Notes
Turn   | Place    | Note
-------+----------+-------------------------------------------
     0 | D:1      | spaghetti the Naga Berserker began the quest for the Orb.
     0 | D:1      | Reached XP level 1. HP: 21/21 MP: 1/1
    84 | D:1      | HP: 1/31 [frilled lizard (3)]
    86 | D:1      | Slain by a kobold

Illustrated notes

Levels and vault maps discovered:
D:1:      dpeg_arrival_tiny_a, layout_rooms, minmay_misc_feat_columns,
          minmay_surrounded

Action                     || total
---------------------------++-------
  Melee: Spear             ||    17
         Punch             ||     1
 Invoke: Berserk           ||     1
Ability: Spit Poison       ||     3
 Armour: Animal skin       ||    17
  Dodge: Dodged            ||    14
